 Dungeon Crawl Stone Soup version 0.30-a0-953-g5f1da4a474 (webtiles) character file.

Game seed: 11581575798220158926

488 cheesebisquit the Ruffian (level 6, 0/61 HPs)
             Began as a Troll Fighter on Mar 28, 2023.
             Slain by a gnoll
             ... wielding a +0 spear
              (4 damage)
             ... on level 4 of the Dungeon.
             The game lasted 00:08:37 (2327 turns).

cheesebisquit the Ruffian (Troll Fighter)           Turns: 2327, Time: 00:08:38

Health: 0/61       AC:  4    Str: 27    XL:     6   Next: 90%
Magic:  5/5        EV:  8    Int:  4    God:
Gold:   227        SH:  8    Dex:  9    Spells: 5/5 levels left

rFire   + . .      SeeInvis .      - Unarmed
rCold   + + .      Faith    .    b - +0 kite shield
rNeg    . . .      Spirit   .    a - +0 robe
rPois   .          Reflect  .    (helmet restricted)
rElec   .          Rampage  .    p - scarf {rC+ rF+}
rCorr   .                        (gloves unavailable)
Will    .....                    (boots unavailable)
Stlth   +                        (no amulet)
HPRegen 1.10/turn                f - ring of protection from cold
MPRegen 0.09/turn                (no ring)

@: mighty
A: large, unfitting armour, claws 3, regeneration 1, shaggy fur 1, tough skin 1
a: no special abilities


You were on level 4 of the Dungeon.
You visited 1 branch of the dungeon, and saw 4 of its levels.

You collected 227 gold pieces.

Inventory:

Missiles
 m - 4 poisoned darts (quivered)
Armour
 a - a +0 robe (worn)
 b - a +0 kite shield (worn)
 p - a scarf of resistance (worn)
Jewellery
 f - a ring of protection from cold (left claw)
 r - an amulet of faith
Scrolls
 d - a scroll of fear {unknown}
 h - a scroll of noise {unknown}
 k - 4 scrolls of identify {unknown}
 n - a scroll of enchant weapon {unknown}
 o - a scroll of magic mapping {unknown}
Potions
 c - a potion of might
 e - a potion of cancellation {unknown}
 g - 3 potions of mutation {unknown}
 i - 2 potions of brilliance {unknown}
 j - 2 potions of lignification {unknown}
 l - a potion of heal wounds {unknown}
 q - 2 potions of curing {unknown}


   Skills:
 + Level 3.6 Fighting
 - Level 2.4 Dodging
 + Level 4.1 Shields
 * Level 5.8 Unarmed Combat


You had 5 spell levels left.
You didn't know any spells.
Your spell library was empty.

Dungeon Overview and Level Annotations

Branches:
Dungeon (4/15)
 Temple: D:4-7

Altars:


Innate Abilities, Weirdness & Mutations

You are too large for most types of armour.
You have claws for hands.
Your natural rate of healing is unusually fast.
You are covered in fur. (AC +1)
You have tough skin. (AC +1)


Message History

2 gnolls come into view.
The gnoll shouts!
You hear a shout!
A gnoll comes into view. It is wielding a +0 spear.
The gnoll moves out of view.
A gnoll comes into view. It is wielding a +0 flail.
The gnoll shouts! x2
You claw the gnoll!
The gnoll is heavily wounded.
The gnoll hits you with a +0 flail.
You scratch the gnoll but do no damage.
The gnoll is heavily wounded.
The gnoll hits you with a +0 flail!
You scratch the gnoll but do no damage.
The gnoll is heavily wounded.
The gnoll hits you with a +0 flail.
You scratch the gnoll but do no damage.
The gnoll is heavily wounded.
The gnoll hits you with a +0 flail!
You mangle the gnoll!!
You kill the gnoll!
You barely miss the gnoll. The gnoll hits you with a +0 flail!
The gnoll hits you from afar with a +0 spear.
You scratch the gnoll but do no damage. The gnoll hits you with a +0 flail!
The gnoll hits you but does no damage.
You closely miss the gnoll. The gnoll barely misses you.
The gnoll hits you but does no damage.
You feel very mighty all of a sudden. The gnoll hits you with a +0 flail.
* * * LOW HITPOINT WARNING * * *
The gnoll barely misses you.
You barely miss the gnoll. The gnoll hits you with a +0 flail!
* * * LOW HITPOINT WARNING * * *
The gnoll hits you from afar with a +0 spear.
* * * LOW HITPOINT WARNING * * *
You mangle the gnoll!!
You kill the gnoll!
The gnoll hits you from afar with a +0 spear.
* * * LOW HITPOINT WARNING * * *
The gnoll hits you with a +0 spear.
You die...

######## ######### ........
.........
.####################.....!##
................@gg..........
#########......######........
#......# #...####+
#.....†######g..#
#..........##...#
#..........##g..+
#..........##gg.#
#..........##...#
#......######...#


You could see 2 gnolls.

Vanquished Creatures
  Sigmund (D:4)
  A phantom (D:3)
  A scorpion (D:4)
  An orc wizard (D:3)
  4 adders
  3 gnolls
  2 worms (D:3)
  3 dart slugs
  11 orcs (D:3)
  3 bats
  5 endoplasms
  6 giant cockroaches
  5 goblins
  5 hobgoblins
  4 quokkas
  11 ball pythons
  3 frilled lizards
  6 kobolds
  6 rats
81 creatures vanquished.

Notes
Turn   | Place    | Note
-------+----------+-------------------------------------------
     0 | D:1      | cheesebisquit the Troll Fighter began the quest for the
                  | Orb.
     0 | D:1      | Reached XP level 1. HP: 22/22 MP: 0/0
   142 | D:1      | Reached XP level 2. HP: 29/29 MP: 1/1
   192 | D:1      | Reached skill level 3 in Unarmed Combat
   511 | D:1      | Reached XP level 3. HP: 36/36 MP: 2/2
  1063 | D:2      | Reached XP level 4. HP: 44/44 MP: 3/3
  1514 | D:3      | Reached skill level 4 in Unarmed Combat
  1752 | D:3      | Noticed a phantom
  1762 | D:3      | Killed a phantom
  1763 | D:3      | Reached XP level 5. HP: 49/53 MP: 4/4
  2125 | D:4      | Noticed Sigmund
  2137 | D:4      | Killed Sigmund
  2138 | D:4      | Reached skill level 5 in Unarmed Combat
  2138 | D:4      | Reached XP level 6. HP: 41/61 MP: 5/5
  2326 | D:4      | HP: 3/61 [gnoll/+0 spear (4)]
  2327 | D:4      | Slain by a gnoll

Illustrated notes

Levels and vault maps discovered:
D:1:      beargit_arrival_diablo_church, layout_loops_ring, amethyst_killhole,
          minmay_door_square, minmay_pentomino_t4
D:2:      layout_loops_ring, amcnicky_mini_rare_corridor_liquid
D:3:      layout_basic
D:4:      layout_basic, yredelemnul_forgotten_temple_becter, temple_green,
          uniq_sigmund

Skill      XL: |  1  2  3  4  5  6 |
---------------+-------------------+-----
Unarmed Combat | 3 4 5 |  5.8
Shields        | 3 4 |  4.1
Fighting       | 3 |  3.6
Dodging        | |  2.4

Action                     |  1- 3 |  4- 6 || total
---------------------------+-------+-------++-------
  Melee: Unarmed           |    94 |   130 ||   224
  Throw: Dart              |       |    12 ||    12
    Use: Potion            |       |     2 ||     2
   Stab: Sleeping          |     1 |       ||     1
 Armour: Robe              |    26 |    31 ||    57
  Dodge: Dodged            |    15 |    37 ||    52
  Block: Kite shield       |    33 |    31 ||    64

Table legend: (Time is in decaauts)
 A = Elapsed time spent in this place.
 B = Non-inter-level travel time spent in this place.
 C = Inter-level travel time spent in this place.
 D = Time resting spent in this place.
 E = Time spent auto-exploring this place.
 F = Levels seen in this place.
 G = Mean time per level.
                   A        B        C        D        E       F      G
               +--------+--------+--------+--------+--------+-----+--------+
         Total |   2340 |   2190 |    150 |      0 |   1581 |   4 |  585.0 |
       Dungeon |   2340 |   2190 |    150 |      0 |   1581 |   4 |  585.0 |
               +--------+--------+--------+--------+--------+-----+--------+

Top non-repeatable levels by time:
     D:1: 928 daAuts
     D:2: 632 daAuts
     D:3: 567 daAuts
     D:4: 211 daAuts
